 Dungeon Crawl Stone Soup version 0.29-a0-839-g4793fd635e (webtiles) character file.

Game seed: 5279044698668702143

23618 PentaManta the Brawler (level 13, 0/116 HPs)
             Began as a Ghoul Gladiator on July 14, 2022.
             Was an Elder of Makhleb.
             Slain by an orc warrior
             ... wielding a +0 glaive
              (7 damage)
             ... on level 1 of the Orcish Mines.
             The game lasted 00:49:20 (18476 turns).

PentaManta the Brawler (Ghoul Gladiator)           Turns: 18476, Time: 00:49:20

Health: 0/116      AC: 19    Str: 21    XL:     13   Next: 7%
Magic:  12/12      EV:  6    Int:  8    God:    Makhleb [****..]
Gold:   1336       SH: 15    Dex: 10    Spells: 12/12 levels left

rFire   + . .      SeeInvis .     - Unarmed
rCold   . . .      Faith    .   E - +0 kite shield
rNeg    + + +      Spirit   .   L - +0 plate armour {Will+}
rPois   ∞          Reflect  +   b - +0 helmet
rElec   .          Harm     .   k - +1 cloak of Resourcefulness {Rampage Int+3}
rCorr   .          Rampage  +   (no gloves)
Will    ++...                   F - +0 pair of boots
Stlth   ..........              t - amulet of reflection
HPRegen 0.00/turn               i - ring of willpower
MPRegen 0.13/turn               K - ring of fire

@: inhibited regen, studying Shields, invisible
A: claws 1, cold resistance 1, negative energy resistance 3, inhibited
regeneration, torment resistance 2, devour on kill
a: Renounce Religion, Minor Destruction, Lesser Servant of Makhleb, Major
Destruction


You were on level 1 of the Orcish Mines.
You worshipped Makhleb.
Makhleb was greatly pleased with you.
You visited 4 branches of the dungeon, and saw 16 of its levels.

You collected 1786 gold pieces.
You spent 450 gold pieces at shops.

Inventory:

Hand Weapons
 h - a +5 falchion of venom
 z - a +2 dagger of venom
Missiles
 d - 4 throwing nets (quivered)
 e - 142 stones
 f - a javelin
 m - 44 poisoned darts
 u - 14 boomerangs
 Q - 12 boomerangs of dispersal
 W - 3 silver boomerangs
Armour
 b - a +0 helmet (worn)
 c - a +0 tower shield
 j - the +2 pair of gloves "Tutus" {rCorr Str+4}
   (You acquired it on level 5 of the Dungeon)

   Str:       It affects your strength (+4).
   rCorr:     It protects you from acid and corrosion.
 k - the +1 cloak of Resourcefulness (worn) {Rampage Int+3}
   (You found it on level 5 of the Dungeon)

   Int:       It affects your intelligence (+3).
   Rampage:   It bestows one free step when moving towards enemies.
 q - a +2 robe of resistance
 E - a +0 kite shield (worn)
 F - a +0 pair of boots (worn)
 L - a +0 plate armour of willpower (worn)
 P - the +1 helmet of Loss {rElec Will- Regen+ Int+6}
   (You acquired it on level 8 of the Dungeon)

   Int:       It affects your intelligence (+6).
   rElec:     It insulates you from electricity.
   Regen:     It increases your rate of health regeneration.
   Will:      It decreases your willpower.
Jewellery
 i - a ring of willpower (left claw)
 n - an amulet of guardian spirit
 t - an amulet of reflection (around neck)
 A - a ring of ice
 K - a ring of fire (right claw)
Wands
 v - a wand of charming (9)
 C - a wand of mindburst (5)
 G - a wand of roots (6)
 S - a wand of flame (15)
Scrolls
 g - 2 scrolls of summoning
 p - 3 scrolls of enchant weapon
 w - 5 scrolls of enchant armour
 x - 3 scrolls of vulnerability
 y - 3 scrolls of immolation {unknown}
 H - 2 scrolls of silence {unknown}
 J - a scroll of fear {unknown}
 R - a scroll of poison {unknown}
 T - a scroll of fog {unknown}
Potions
 l - 4 potions of invisibility
 o - 2 potions of resistance
 r - 2 potions of attraction
 B - a potion of berserk rage
 M - 2 potions of haste
 U - 3 potions of flight
 V - a potion of degeneration
 X - a potion of brilliance {unknown}


   Skills:
 - Level 11.0 Fighting
 - Level 3.6 Throwing
 - Level 9.0 Armour
 - Level 2.6 Dodging
 - Level 10.2 Shields
 + Level 15.3 Unarmed Combat


You had 12 spell levels left.
You didn't know any spells.
Your spell library contained the following spells:

 Spells                   Type           Power      Damage    Failure   Level
 Apportation              Tloc           0%         N/A       100%        1
 Freeze                   Ice            0%         1d3       100%        1
 Necrotise                Necr           0%         1d4       100%        1
 Poisonous Vapours        Pois/Air       0%         N/A       100%        2
 Call Canine Familiar     Summ           0%         N/A       100%        3
 Frozen Ramparts          Ice            0%         1d2       100%        3
 Portal Projectile        Hex/Tloc       0%         N/A       100%        3
 Summon Guardian Golem    Hex/Summ       0%         N/A       100%        3
 Vampiric Draining        Necr           0%         2d6       100%        3
 Anguish                  Hex/Necr       0%         N/A       100%        4
 Corpse Rot               Necr/Pois/Air  0%         N/A       100%        4
 Hailstorm                Conj/Ice       0%         3d3       100%        4
 Leda's Liquefaction      Hex/Erth       0%         N/A       100%        4
 Petrify                  Tmut/Erth      0%         N/A       100%        4
 Agony                    Necr           0%         N/A       100%        5
 Alistair's Intoxication  Tmut/Pois      0%         N/A       100%        5
 Metabolic Englaciation   Hex/Ice        0%         N/A       100%        5
 Enfeeble                 Hex            0%         N/A       100%        7
 Orb of Destruction       Conj           0%         9d5       100%        7
 Spellforged Servitor     Conj/Summ      0%         N/A       100%        7
 Statue Form              Tmut/Erth      Unusable   N/A       N/A         6

Dungeon Overview and Level Annotations

Branches:
Dungeon (12/15)            Temple (1/1) D:7            Lair (2/6) D:11
    Orc (1/2) D:12
  Swamp: Lair:2-4    Shoals: Lair:2-4     Snake: Lair:2-4    Spider: Lair:2-4

Altars:
Ashenzari
Cheibriados
Dithmenos
Fedhas
Gozag
Hepliaklqana
Kikubaaqudgha
Makhleb
Nemelex Xobeh
Okawaru
Qazlal
Ru
Sif Muna
Trog
Uskayaw
Vehumet
Wu Jian
Xom
Yredelemnul

Shops:
D:7 [   D:10 =

Annotations:
D:12 3 runed translucent doors


Innate Abilities, Weirdness & Mutations

You are immune to poison.
You have sharp fingernails.
Your flesh is cold resistant. (rC+)
You are immune to negative energy. (rN+++)
You do not regenerate when monsters are visible.
You are immune to unholy pain and torment.
You thrive by killing the living.


Message History

You block the orc warrior's attack.
Unknown command.
You claw the orc warrior!
The orc warrior is severely wounded.
You block the orc's attack. x2; The orc barely misses you.
The orc priest hits you but does no damage.
The orc hits you but does no damage. You block the orc's attack.
The orc wizard hits you but does no damage.
The orc warrior barely misses you.
The orc wizard hits you with a +0 dagger.
The orc warrior hits you with a +0 trident!
Unknown command.
You closely miss the orc warrior.
The orc warrior is severely wounded.
The orc hits you but does no damage. You block the orc warrior's attack.
The orc hits you with a +0 flail!
The orc priest calls down the wrath of Beogh upon you.
Beogh smites you! You block the orc's attack.
The orc hits you but does no damage. The orc wizard casts a spell at you.
The magic dart hits you!
* * * LOW HITPOINT WARNING * * *
The orc wizard hits you with a +0 dagger.
* * * LOW HITPOINT WARNING * * *
The orc priest calls down the wrath of Beogh upon you.
Beogh smites you!
* * * LOW HITPOINT WARNING * * *
The orc warrior hits you with a +0 trident!
* * * LOW HITPOINT WARNING * * *
Unknown command.
Unknown command.
You fade into invisibility!
You block the orc's attack. The orc closely misses you. x2
You block the orc priest's attack. The orc hits you but does no damage.
The orc hits you with a +0 falchion.
* * * LOW HITPOINT WARNING * * *
The orc wizard gestures at you while chanting.
The puff of flame hits you but does no damage.
The orc warrior hits you from afar with a +0 glaive!
You die...

### #### #.# ##..##
##.### ##....##
###....## ##......#
#.......# #....o..##
###.......
##..oooo..####.#.......
#.^.oo@o$..............
#....ooo...........#...
.....oo#........>#.##...
......###.......#####...
...... #........#.#....
#..... #................
##... .......#..........
#... .......##.#.......
# #.......


You could see 2 orc warriors, 2 orc priests, 2 orc wizards and 7 orcs.

Vanquished Creatures
  An orc warlord (D:12)
  Erolcha (D:11)
  A catoblepas (Lair:1)
  4 two-headed ogres
  Pikel (D:7)
  A deep elf pyromancer (D:10)
  An orc knight (Orc:1)
  An orc sorcerer (Orc:1)
  A cyclops (D:12)
  An ugly thing (D:12)
  A manticore (D:12)
  A cane toad (Lair:1)
  Maggie (D:6)
  7 komodo dragons
  A kobold demonologist (D:12)
  4 trolls
  4 slime creatures (D:10)
  A blink frog (Lair:1)
  A shadow (D:12)
  Sigmund (D:5)
  A wyvern (D:9)
  11 yaks
  A basilisk (D:12)
  4 wraiths
  A human (D:12)
  3 steam dragons
  4 vampire mosquitoes (D:12)
  4 wargs
  Edmund (D:6)
  2 acid dragons
  3 water moccasins
  3 black bears
  14 orc warriors
  3 wolves (Lair:1)
  15 centaurs
  8 ogres
  2 phantoms
  Blork the orc (D:4)
  5 kobold brigands
  A lemure (D:7)
  4 bullfrogs
  7 scorpions
  18 wights
  4 killer bees (D:9)
  6 howler monkeys
  2 hounds
  A jelly (D:6)
  4 orc priests
  6 gnoll boudas
  3 iguanas
  Natasha (thrice) (D:4)
  10 orc wizards
  21 gnolls
  9 adders
  4 white imps
  2 worms (D:2)
  2 dart slugs
  53 orcs
  4 bats
  7 endoplasms
  3 giant cockroaches
  14 goblins
  6 hobgoblins
  3 jackals (D:3)
  A quokka (D:4)
  9 ball pythons
  2 frilled lizards
  21 kobolds
  2 rats (D:1)
353 creatures vanquished.

Vanquished Creatures (collateral kills)
  An orc priest (Orc:1)
1 creature vanquished.

Vanquished Creatures (others)
  A troll (Orc:1)
  2 orcs
  9 fungi
  13 plants
25 creatures vanquished.

Grand Total: 379 creatures vanquished

Notes
Turn   | Place    | Note
-------+----------+-------------------------------------------
     0 | D:1      | PentaManta the Ghoul Gladiator began the quest for the Orb.
     0 | D:1      | Reached XP level 1. HP: 17/17 MP: 0/0
   204 | D:1      | Reached XP level 2. HP: 24/24 MP: 1/1
   259 | D:1      | Found a faded altar of an unknown god.
   380 | D:1      | Reached skill level 4 in Unarmed Combat
   991 | D:2      | Identified the +6 quarterstaff "PentaManta's Peril" {drain,
                  | rC++ Int+4}
  1011 | D:2      | Reached XP level 3. HP: 29/29 MP: 2/2
  1155 | D:2      | Reached skill level 5 in Unarmed Combat
  1672 | D:2      | Reached XP level 4. HP: 29/36 MP: 3/3
  1940 | D:3      | Found a broken altar of Ashenzari.
  1989 | D:3      | Noticed a scorpion
  2076 | D:3      | Killed a scorpion
  2077 | D:3      | Reached skill level 6 in Unarmed Combat
  2077 | D:3      | Reached XP level 5. HP: 37/41 MP: 4/4
  2326 | D:3      | Found a stormy altar of Qazlal.
  2560 | D:3      | Found a sacrificial altar of Ru.
  2561 | D:3      | Found a hazy altar of Hepliaklqana.
  2843 | D:4      | Reached skill level 7 in Unarmed Combat
  2843 | D:4      | Reached XP level 6. HP: 45/48 MP: 5/5
  2891 | D:4      | Found a large runed translucent door.
  2891 | D:4      | Found a large runed translucent door.
  3050 | D:4      | Reached skill level 8 in Unarmed Combat
  3065 | D:4      | Noticed Natasha
  3078 | D:4      | Killed Natasha
  3079 | D:4      | Reached XP level 7. HP: 29/55 MP: 6/6
  3203 | D:4      | Noticed Blork the orc
  3206 | D:4      | Noticed Natasha
  3213 | D:4      | Killed Natasha
  3217 | D:4      | Killed Blork the orc
  3218 | D:4      | Reached skill level 9 in Unarmed Combat
  3471 | D:4      | Noticed Natasha
  3479 | D:4      | Killed Natasha
  3736 | D:4      | Found a shimmering altar of Xom.
  3929 | D:5      | Entered Level 5 of the Dungeon
  4013 | D:5      | Reached skill level 10 in Unarmed Combat
  4013 | D:5      | Reached XP level 8. HP: 51/61 MP: 7/7
  4013 | D:5      | Found a blossoming altar of Fedhas.
  4042 | D:5      | Identified a scroll of acquirement
  4043 | D:5      | Acquired the +2 pair of gloves "Tutus" {rCorr Str+4}
  4135 | D:5      | Noticed a yak
  4135 | D:5      | Noticed a yak
  4135 | D:5      | Noticed a yak
  4185 | D:5      | Identified the +4 ring mail of Discretion {rPois Regen+}
  4299 | D:5      | Identified the +1 cloak of Resourcefulness {Rampage Int+3}
  4305 | D:5      | Found a radiant altar of Vehumet.
  4355 | D:4      | Killed a yak
  4356 | D:4      | Reached skill level 11 in Unarmed Combat
  4410 | D:4      | Killed a yak
  4411 | D:4      | Reached skill level 1 in Armour
  4423 | D:5      | Killed a yak
  4874 | D:5      | Noticed Sigmund
  4895 | D:5      | Killed Sigmund
  4896 | D:5      | Reached XP level 9. HP: 60/73 MP: 8/8
  4945 | D:6      | Noticed Edmund
  4957 | D:6      | Killed Edmund
  4958 | D:6      | Reached skill level 5 in Fighting
  5062 | D:6      | Noticed Pikel
  5202 | D:7      | Killed Pikel
  5453 | D:6      | Reached skill level 5 in Armour
  5678 | D:6      | Noticed Maggie
  5704 | D:6      | Killed Maggie
  5997 | D:7      | Found a staircase to the Ecumenical Temple.
  6006 | Temple   | Entered the Ecumenical Temple
  6153 | Temple   | Became a worshipper of Makhleb the Destroyer
  6222 | D:7      | Reached XP level 10. HP: 88/88 MP: 9/9
  6404 | D:7      | Reached * piety under Makhleb
  6538 | D:7      | Found Oxathix's Armour Boutique.
  7104 | D:7      | Acquired 701 gold pieces
  7503 | D:7      | Reached ** piety under Makhleb
  8189 | D:8      | Found a hide-covered altar of Uskayaw.
  8279 | D:8      | Acquired the +1 helmet of Loss {rElec Will- Regen+ Int+6}
  8748 | D:8      | Reached skill level 10 in Fighting
  9215 | D:9      | Reached *** piety under Makhleb
  9311 | D:9      | Noticed a two-headed ogre
  9335 | D:9      | Reached XP level 11. HP: 45/101 MP: 4/10
  9338 | D:9      | Noticed a two-headed ogre
  9341 | D:9      | Killed a two-headed ogre
  9391 | D:10     | Entered Level 10 of the Dungeon
  9409 | D:10     | Found a sparkling altar of Nemelex Xobeh.
  9885 | D:10     | Found Potzusk's Jewellery Boutique.
  9890 | D:10     | Bought an amulet of reflection for 450 gold pieces
 10414 | D:9      | Found a shimmering altar of Xom.
 10420 | D:9      | Reached skill level 1 in Shields
 10435 | D:9      | Noticed a two-headed ogre
 10955 | D:10     | Killed a two-headed ogre
 10956 | D:10     | Reached skill level 12 in Unarmed Combat
 11308 | D:10     | Found a snail-covered altar of Cheibriados.
 11332 | D:10     | Noticed a two-headed ogre
 11344 | D:10     | Killed a two-headed ogre
 12046 | D:10     | Found an iron altar of Okawaru.
 12052 | D:10     | Found an ornate altar of the Wu Jian Council.
 12090 | D:10     | Noticed a deep elf pyromancer
 12122 | D:10     | Killed a deep elf pyromancer
 12560 | D:9      | Killed a two-headed ogre
 13350 | D:11     | Noticed Erolcha
 13363 | D:11     | Killed Erolcha
 13364 | D:11     | Reached XP level 12. HP: 98/110 MP: 11/11
 13421 | D:11     | Reached skill level 5 in Shields
 13503 | D:11     | Acquired a manual of Shields
 13750 | D:11     | Found a staircase to the Lair.
 14035 | D:12     | Found a runed translucent gate.
 14035 | D:12     | Found a runed translucent gate.
 14035 | D:12     | Found a runed translucent gate.
 14125 | D:12     | Reached **** piety under Makhleb
 14136 | D:12     | Reached skill level 13 in Unarmed Combat
 14683 | D:12     | Found a staircase to the Orcish Mines.
 15247 | Orc:1    | Entered Level 1 of the Orcish Mines
 15247 | Orc:1    | Noticed an orc warlord
 15309 | Lair:1   | Entered Level 1 of the Lair of Beasts
 15309 | Lair:1   | Noticed a catoblepas
 15847 | Lair:1   | Noticed a seven-headed hydra
 16043 | Lair:1   | Killed a catoblepas
 16102 | Lair:1   | Reached skill level 10 in Shields
 16903 | Lair:1   | Reached skill level 14 in Unarmed Combat
 17660 | D:12     | HP: 5/110 [orc warlord/+5 long sword of draining (23)]
 17662 | D:12     | Killed an orc warlord
 17667 | D:12     | Noticed a two-headed ogre
 17667 | D:12     | a torpor snail changed into a two-headed ogre
 17670 | D:12     | a two-headed ogre changed into a slime creature
 17674 | D:12     | Noticed a fire dragon
 17674 | D:12     | a fire dragon changed into a goliath frog
 17675 | D:12     | Noticed a seven-headed hydra
 17675 | D:12     | a goliath frog changed into a seven-headed hydra
 17922 | Orc:1    | Reached XP level 13. HP: 116/116 MP: 12/12
 18080 | Orc:1    | Reached skill level 15 in Unarmed Combat
 18476 | Orc:1    | Slain by an orc warrior

Illustrated notes

Levels and vault maps discovered:
D:1:      lightli_arrival_statuegarden, layout_basic,
          shapermc_ecumenical_altar_totnotflames, dreamdust_wishing_well
D:2:      layout_basic, minmay_curled_crystal, minmay_misc_feat_cross
D:3:      layout_loops_ring, gammafunk_temple_overflow_pools,
          nicolae_qazlal_general_emergency, nicolae_ashenzari_panopticon,
          zin_statuary
D:4:      due_chaos_kobolds, layout_loops_ring, st_stairs_13,
          uniq_blork_the_orc, uniq_natasha
D:5:      layout_rooms, lemuel_crystal_altar, fedhas_bush_and_centaur_altar,
          hex_large, uniq_sigmund
D:6:      layout_cave_pods, mainiacjoe_overflow_alcove_4, uniq_pikel,
          uniq_maggie, uniq_edmund
D:7:      kennysheep_seaside_town, layout_gridville,
          minmay_temple_entry_junction, serial_shops, nicolae_stop_n_shop_2,
          minmay_starry_boxes
D:8:      layout_basic, nicolae_uskayaw_dance_hall, grunt_decor_mini_mirrors,
          eino_curves_02, minmay_unpleasant_kobolds
D:9:      layout_long_grid, xom_confusion_cloud
D:10:     layout_layer_cave, mainiacjoe_overflow_large_starburst,
          mainiacjoe_overflow_alcove_2, mainiacjoe_overflow_boulevard,
          serial_shops, kennysheep_mini
D:11:     layout_basic, dpeg_oklobed_lair, serial_curves, eino_curves_04,
          eino_curves_03, eino_curves_01, eino_curves_01, uniq_erolcha
D:12:     layout_irregular_city, erik_orc_4,
          ploomutoo_gammafunk_ghost_potion_laboratory
Temple:   nicolae_temple_godpark
Lair:1:   layout_long_grid, hangedman_lair_generics_rect, grunt_megastairs_4
Lair:2:   layout_long_grid, minmay_shoals_entry_lonely_mermaid, uniq_gastronok
Orc:1:    layout_diamond_mine, led_sif_book

Skill      XL: |  1  2  3  4  5  6  7  8  9 10 11 12 13 |
---------------+----------------------------------------+-----
Unarmed Combat | 4 5 6 7 8 10 11 12 14 15 | 15.3
Throwing       | 2 3 |  3.6
Fighting       | 4 7 10 11 | 11.0
Armour         | 3 6 8 9 |  9.0
Shields        | 4 10 | 10.2
Dodging        | |  2.6

Action                   |  1- 3 |  4- 6 |  7- 9 | 10-12 | 13-15 || total
-------------------------+-------+-------+-------+-------+-------++-------
Melee: Unarmed           |    87 |    96 |   273 |   912 |    66 ||  1434
       Punch             |     2 |     4 |    22 |    28 |       ||    56
Throw: Stone             |       |       |    15 |     5 |       ||    20
       Throwing net      |       |       |     3 |    10 |     2 ||    15
       Boomerang         |       |       |       |     8 |     2 ||    10
       Javelin           |       |       |       |     2 |       ||     2
       Dart              |       |       |       |     1 |     1 ||     2
Evoke: Wand              |       |       |       |    13 |     1 ||    14
  Use: Scroll            |       |       |    20 |    21 |       ||    41
       Potion            |       |       |     2 |     7 |     1 ||    10
 Stab: Held in net/web   |       |       |     1 |     3 |     1 ||     5
Armor: Leather armour    |    15 |     9 |       |       |       ||    24
       Ring mail         |       |    16 |   108 |    39 |       ||   163
       Scale mail        |       |       |       |   189 |       ||   189
       Plate armour      |       |       |       |   210 |    65 ||   275
Dodge: Dodged            |    46 |    51 |   129 |   292 |    26 ||   544
Block: Kite shield       |       |       |       |   341 |    82 ||   423
       Other             |       |       |       |    43 |       ||    43
       Reflection        |       |       |       |    22 |       ||    22

Table legend: (Time is in decaauts)
 A = Elapsed time spent in this place.
 B = Non-inter-level travel time spent in this place.
 C = Inter-level travel time spent in this place.
 D = Time resting spent in this place.
 E = Time spent auto-exploring this place.
 F = Levels seen in this place.
 G = Mean time per level.
                   A        B        C        D        E       F      G
               +--------+--------+--------+--------+--------+-----+--------+
         Total |  18306 |  17171 |   1135 |   4118 |   9381 |  16 | 1144.1 |
       Dungeon |  15984 |  14910 |   1074 |   3089 |   8540 |  12 | 1332.0 |
        Temple |    164 |    133 |     31 |      0 |    122 |   1 |  164.0 |
          Lair |   1586 |   1557 |     29 |    704 |    628 |   2 |  793.0 |
  Orcish Mines |    570 |    570 |      0 |    325 |     91 |   1 |  570.0 |
               +--------+--------+--------+--------+--------+-----+--------+

Top non-repeatable levels by time:
    D:10: 2552 daAuts
     D:7: 1745 daAuts
     D:8: 1706 daAuts
  Lair:1: 1566 daAuts
    D:12: 1493 daAuts
    D:11: 1406 daAuts
     D:4: 1394 daAuts
     D:9: 1181 daAuts
     D:2: 945 daAuts
     D:5: 936 daAuts
     D:1: 936 daAuts
     D:3: 874 daAuts
     D:6: 811 daAuts
   Orc:1: 570 daAuts
  Temple: 164 daAuts
